 Dungeon Crawl Stone Soup version 0.28-a0-1087-gf3fc490d9d (webtiles) character file.

Game seed: 11560880379706884316

154004 rogsnak the Ruinous (level 17, -3/86 HPs)
             Began as a Tengu Air Elementalist on Dec 5, 2021.
             Was a High Priest of Sif Muna.
             Slain by a salamander tyrant (21 damage)
             ... on level 4 of the Snake Pit on Dec 10, 2021.
             The game lasted 02:24:02 (39374 turns).

rogsnak the Ruinous (Tengu Air Elementalist)       Turns: 39374, Time: 02:24:03

Health: -3/86      AC: 13    Str:  8    XL:     17   Next: 61%
Magic:  31/48      EV: 15    Int: 23    God:    Sif Muna [*****.]
Gold:   3610       SH:  6    Dex: 16    Spells: 19/50 levels left

rFire   . . .      SeeInvis .   X - staff of air
rCold   + . .      Faith    .   W - +2 buckler {rC+}
rNeg    + . .      Spirit   .   T - +4 troll leather armour {Snorg}
rPois   +          Reflect  .   J - +1 hat "Yczixoph" {rN+ Regen+ Slay+3}
rElec   +          Harm     .   D - +0 cloak
rCorr   .          Rampage  .   U - +1 pair of gloves
Will    +....                   (boots unavailable)
Stlth   ++........              c - amulet of magic regeneration
HPRegen 1.84/turn               k - ring of magical power
MPRegen 0.71/turn               y - ring of poison resistance

@: weakened, flying quickly and evasively, quick
A: beak, talons 3, nimble flight
a: Renounce Religion, Channel Magic, Forget Spell, Divine Exegesis


You were on level 4 of the Snake Pit.
You worshipped Sif Muna.
Sif Muna was extremely pleased with you.
You visited 5 branches of the dungeon, and saw 28 of its levels.
You also visited: Ice Cave.

You collected 4089 gold pieces.
You spent 479 gold pieces at shops.

Inventory:

Hand Weapons
 a - a +2 demon blade of freezing
 g - the +8 war axe "Ekiffib" {elec, *Slow rF+ Will+}
   (You found it in an ice cave)

   It occasionally discharges a powerful burst of electricity upon striking a
   foe.
   rF:        It protects you from fire.
   *Slow:     It may slow you when you take damage.
   Will:      It increases your willpower.
Armour
 f - a +0 leather armour of poison resistance
 D - a +0 cloak (worn)
 J - the +1 hat "Yczixoph" (worn) {rN+ Regen+ Slay+3}
   (You bought it in a shop on level 2 of the Dungeon)

   Slay:      It affects your accuracy & damage with ranged weapons and melee
   (+3).
   rN:        It protects you from negative energy.
   Regen:     It increases your rate of health regeneration.
 Q - a +0 robe of resistance
 T - a +4 troll leather armour (worn) {Snorg}
 U - a +1 pair of gloves (worn)
 W - a +2 buckler of cold resistance (worn)
 Y - the +3 chain mail of Hewazuj {Int+8}
   (You found it on level 10 of the Dungeon)

   Int:       It affects your intelligence (+8).
Magical Staves
 X - a staff of air (weapon)
Jewellery
 c - an amulet of magic regeneration (around neck)
 k - a ring of magical power (left hand)
 n - a +6 ring of intelligence
 q - a ring of willpower
 s - a ring of see invisible
 t - the ring of Woimeeg {rC+ Will- AC+4 Str+4 Dex+5}
   (You found it on level 14 of the Dungeon)

   [ring of protection]

   AC:        It affects your AC (+4).
   Str:       It affects your strength (+4).
   Dex:       It affects your dexterity (+5).
   rC:        It protects you from cold.
   Will:      It decreases your willpower.
 y - a ring of poison resistance (right hand)
 B - a ring of wizardry
 E - an amulet of reflection
 G - the ring "Osuneh" {Ice rElec}
   (You found it in an ice cave)

   [ring of ice]

   It enhances your ice magic.
   rF:        It makes you vulnerable to fire.
   rC:        It protects you from cold.
   rElec:     It insulates you from electricity.
 S - a ring of protection from fire
Wands
 r - a wand of digging (5)
 u - a wand of polymorph (21)
 v - a wand of iceblast (18)
 L - a wand of flame (103)
 M - a wand of paralysis (7)
 N - a wand of mindburst (46)
Scrolls
 b - a scroll of silence
 d - 9 scrolls of magic mapping
 j - 2 scrolls of summoning
 m - 5 scrolls of enchant armour
 o - 2 scrolls of fear
 x - 2 scrolls of enchant weapon
 H - 2 scrolls of blinking
 K - 4 scrolls of holy word
 P - 3 scrolls of immolation
 Z - 8 scrolls of teleportation
Potions
 e - 2 potions of haste
 h - 2 potions of resistance
 i - 7 potions of brilliance {unknown}
 l - 6 potions of heal wounds
 p - 5 potions of invisibility
 w - a potion of berserk rage
 z - 12 potions of curing {unknown}
 A - 2 potions of mutation
 C - a potion of ambrosia
 F - a potion of cancellation
 O - 2 potions of might
 V - 3 potions of magic
Miscellaneous
 I - a condenser vane
 R - a phial of floods


   Skills:
 + Level 2.9 Fighting
 + Level 4.5 Armour
 + Level 5.0 Dodging
 - Level 2.0 Stealth
 + Level 1.6 Shields
 + Level 17.0 Spellcasting
 * Level 22.1 Conjurations
 + Level 22.0 Air Magic
 - Level 2.5 Poison Magic
 + Level 1.0 Evocations


You had 19 spell levels left.
You knew the following spells:

 Your Spells              Type           Power      Damage    Failure   Level
a - Shock                 Conj/Air       100%       1d9       0%          1
c - Airstrike             Air            55%        N/A       0%          4
d - Mephitic Cloud        Conj/Pois/Air  95%        N/A       1%          3
e - Lightning Bolt        Conj/Air       55%        1d77      1%          5
f - Maxwell's Capacitive  Air            55%        ∞         4%          8
g - Iskenderun's Battles  Conj           88%        2d14      0%          5
h - Freezing Cloud        Conj/Ice/Air   46%        6-21      1%          5

Your spell library contained the following spells:

 Spells                   Type           Power      Damage    Failure   Level
 Magic Dart               Conj           100%       1d8       0%          1
 Static Discharge         Conj/Air       100%       N/A       0%          2
 Swiftness                Air            100%       N/A       0%          3
 Foxfire                  Conj/Fire      100%       2x1d9     1%          1
 Corpse Rot               Necr/Air       100%       N/A       1%          2
 Conjure Flame            Conj/Fire      63%        6-21      1%          3
 Dazzling Flash           Conj/Hex       100%       N/A       1%          3
 Stone Arrow              Conj/Erth      100%       3d13      1%          3
 Flame Wave               Conj/Fire      63%        2d10      1%          4
 Iskenderun's Mystic Bla  Conj/Tloc      63%        2d13      1%          4
 Sticky Flame             Conj/Fire      63%        2d8       1%          4
 Fireball                 Conj/Fire      31%        3d13      1%          5
 Silence                  Hex/Air        40%        N/A       1%          5
 Sting                    Tmut/Pois      100%       1d8       3%          1
 Animate Skeleton         Necr           38%        N/A       5%          1
 Pain                     Necr           76%        1d7       5%          1
 Sandblast                Erth           38%        2d10      5%          1
 Blink                    Tloc           38%        N/A       8%          2
 Call Imp                 Summ           19%        N/A       8%          2
 Passwall                 Tmut/Erth      15%        N/A       8%          2
 Scorch                   Fire           38%        2d7       8%          2
 Starburst                Conj/Fire      31%        6d10      9%          6
 Gell's Gravitas          Tloc           19%        N/A       16%         3
 Inner Flame              Hex/Fire       19%        N/A       16%         3
 Lesser Beckoning         Tloc           19%        N/A       16%         3
 Ozocubu's Armour         Ice            19%        N/A       16%         3
 Teleport Other           Tloc           19%        N/A       16%         3
 Tukima's Dance           Hex            19%        N/A       16%         3
 Vampiric Draining        Necr           19%        2d7       16%         3
 Olgreb's Toxic Radiance  Pois           31%        N/A       19%         4
 Storm Form               Tmut/Air       40%        N/A       43%         7
 Animate Armour           Summ/Erth      38%        N/A       45%         4
 Cause Fear               Hex            9%         N/A       45%         4
 Dispel Undead            Necr           19%        3d11      45%         4
 Passage of Golubria      Tloc           19%        N/A       45%         4
 Summon Ice Beast         Ice/Summ       19%        N/A       45%         4
 Chain Lightning          Conj/Air       55%        3d73      54%         9
 Alistair's Intoxication  Tmut/Pois      16%        N/A       65%         5
 Borgnjor's Vile Clutch   Necr/Erth      9%         N/A       82%         5
 Manifold Assault         Tloc           19%        N/A       82%         5
 Metabolic Englaciation   Hex/Ice        9%         N/A       82%         5
 Summon Forest            Summ/Tloc      9%         N/A       82%         5
 Summon Mana Viper        Hex/Summ       19%        N/A       82%         5
 Yara's Violent Unravell  Hex/Tmut       9%         3d6       82%         5
 Lehudib's Crystal Spear  Conj/Erth      31%        10d8      98%         8
 Simulacrum               Ice/Necr       9%         N/A       100%        6
 Statue Form              Tmut/Erth      12%        N/A       100%        6
 Summon Cactus Giant      Summ           9%         N/A       100%        6
 Monstrous Menagerie      Summ           9%         N/A       100%        7
 Ozocubu's Refrigeration  Ice            9%         4d6       100%        7
 Discord                  Hex            9%         N/A       100%        8
 Ignition                 Fire           9%         3d5       100%        8
 Fire Storm               Conj/Fire      31%        8d8       100%        9


Dungeon Overview and Level Annotations

Branches:
Dungeon (15/15)            Temple (1/1) D:5            Lair (6/6) D:10
 Shoals (0/4) Lair:3        Snake (4/4) Lair:3        Slime (0/5) Lair:5
    Orc (2/2) D:12            Elf (0/3) Orc:2        Vaults (0/5) D:13
  IceCv (visited)
 Depths: D:15

Altars:
Ashenzari
Cheibriados
Dithmenos
Elyvilon
Fedhas
Gozag
Hepliaklqana
Kikubaaqudgha
Makhleb
Nemelex Xobeh
Okawaru
Qazlal
Ru
Sif Muna
Trog
Uskayaw
Vehumet
Wu Jian
Xom
Yredelemnul
Zin
The Shining One
Beogh

Shops:
D:2 *=[[:   D:5 (   D:15 (   Orc:1 [   Orc:2 [:?(

Annotations:
D:12 1 runed translucent door, KennySheep's ghost, journeyman TrMo
D:15 Rupert
Lair:1 2 transporters
Orc:1 3 runed translucent doors, RepHenryClay's ghost, journeyman DEEE


Innate Abilities, Weirdness & Mutations

You have a beak for a mouth.
You have claws for feet.
Your magical nature lets you fly swiftly and evasively.


Message History

Unknown command.
Casting: Lightning Bolt (safe; 1% risk of failure)
Confirm with . or Enter, or press ? or * to list all spells.
Aiming: Lightning Bolt (safe; 1% risk of failure)
Press: ? - help, Shift-Dir - straight line, f/p - salamander tyrant
Aim: a salamander tyrant (moderately wounded, 81% to hit)
You feel a surge of power!
You hear a mighty clap of thunder!
The bolt of lightning hits the salamander tyrant.
The salamander tyrant is moderately wounded.
You hear an angry hiss. x2; You hear a shout!
The salamander tyrant hits you!
You are engulfed in flames!!
Unknown command.
Casting: Lightning Bolt (safe; 1% risk of failure)
Confirm with . or Enter, or press ? or * to list all spells.
Aiming: Lightning Bolt (safe; 1% risk of failure)
Press: ? - help, Shift-Dir - straight line, f/p - salamander tyrant
Aim: a salamander tyrant (moderately wounded, 81% to hit)
You feel a surge of power!
You hear a mighty clap of thunder!
The bolt of lightning hits the salamander tyrant!!
The salamander tyrant is heavily wounded.
You hear a shout!
The salamander tyrant hits you.
You are engulfed in flames!!
* * * LOW HITPOINT WARNING * * *
Unknown command.
Casting: Lightning Bolt (safe; 1% risk of failure)
Confirm with . or Enter, or press ? or * to list all spells.
Aiming: Lightning Bolt (safe; 1% risk of failure)
Press: ? - help, Shift-Dir - straight line, f/p - salamander tyrant
Aim: a salamander tyrant (heavily wounded, 81% to hit)
You feel a surge of power!
You hear a mighty clap of thunder!
The bolt of lightning hits the salamander tyrant!!
The salamander tyrant is almost dead.
You hear a shout! x2
The salamander tyrant hits you.
* * * LOW HITPOINT WARNING * * *
You are engulfed in flames!!
You die...

.)...}.........####
###)###.............
###.....###...........
###......S..###........#
#.)..#####.)..##..)....#
#..#.##...##[#..##......#
#..##.......)†##..#.......
# #...⌠..N⌠)..#..#*......
#.....@.....#..........
#...⌠...⌠...#..#.......
##.[.......##..#.......
#)##...##.#..##.......
![..#####....##........
###. ..####........ ##
.### #.....^.. #......#.
##.####.


You could see a salamander tyrant.

Vanquished Creatures
  Mara (Snake:2)
  Gastronok (D:11)
  A nagaraja (Snake:3)
  An orc warlord (Orc:2)
  4 dire elephants (Lair:6)
  Snorg (D:13)
  2 rakshasas (D:13)
  Josephine (D:10)
  Erolcha (Orc:1)
  12 naga warriors
  9 hydras
  Harold (D:10)
  3 boulder beetles
  Erica (D:10)
  2 ironbound frosthearts (IceCv)
  A death knight (D:14)
  7 two-headed ogres
  13 anacondas
  6 centaur warriors
  2 tengu warriors (D:13)
  2 dancing weapons (D:13)
  7 death yaks
  Urug (D:10)
  3 orc high priests (Orc:2)
  A vampire mage (D:15)
  A titan zombie (D:15)
  7 naga sharpshooters
  4 shock serpents
  A skeletal warrior (D:14)
  2 salamander mystics (Snake:4)
  A spectral anaconda (Lair:6)
  An obsidian statue (Lair:6)
  A tengu zombie (D:15)
  6 naga ritualists
  A phantasmal warrior (D:14)
  7 orc knights
  15 mana vipers
  A lindwurm (Lair:4)
  3 ugly things
  A deep elf pyromancer (D:9)
  5 necromancers
  4 cyclopes
  5 orc sorcerers
  A wolf spider (Orc:1)
  6 salamanders
  A manticore (D:12)
  11 elephants (Lair:6)
  32 black mambas
  Joseph (D:11)
  A gargoyle (D:14)
  2 dire elephant zombies (Lair:6)
  15 cane toads
  15 naga magi
  3 guardian serpents
  2 rime drakes (Lair:5)
  An ice statue (IceCv)
  An unseen horror (D:10)
  A kobold demonologist (D:13)
  2 dire elephant skeletons (Lair:6)
  An efreet (D:14)
  4 komodo dragons
  4 freezing wraiths
  6 trolls
  6 polar bears
  A polar bear (shapeshifter) (D:15)
  A meliai (D:15)
  6 slime creatures
  13 blink frogs
  A spectral elephant (Lair:6)
  A snapping turtle (Lair:3)
  7 dream sheep (Lair:6)
  6 wyverns
  A tarantella (Orc:1)
  2 redbacks (Orc:1)
  6 wraiths
  3 vampires
  4 basilisks
  40 yaks
  4 steam dragons
  10 vampire mosquitoes
  A death yak simulacrum (Lair:6)
  5 spectral cane toads (Lair:6)
  A warg (Orc:2)
  Edmund (D:5)
  27 nagas
  14 water moccasins
  Duvessa (D:7)
  2 sky beasts
  A hornet zombie (D:5)
  A black bear (D:4)
  32 orc warriors
  28 wolves
  2 necrophages
  8 ogres
  11 centaurs
  2 phantoms
  6 gnoll sergeants
  5 kobold brigands
  10 bullfrogs
  3 scorpions
  2 cane toad simulacra (Lair:6)
  2 wyvern skeletons (D:6)
  Dowan (D:7)
  4 jellies
  6 killer bees
  An elephant simulacrum (Lair:6)
  15 wights
  13 electric eels
  5 howler monkeys
  5 centaur zombies
  9 hounds
  3 gnoll shamans
  19 orc priests
  A bullfrog skeleton (D:4)
  Crazy Yiuf (D:5)
  3 iguanas
  27 orc wizards
  11 hell rats
  A polar bear simulacrum (Lair:5)
  4 yak simulacra (Lair:5)
  2 wolf simulacra (Lair:5)
  A hound skeleton (D:4)
  41 gnolls
  7 adders
  6 river rats (D:6)
  14 white imps
  An ufetubus (D:7)
  3 worms
  A dart slug (D:1)
  81 orcs
  3 endoplasms
  4 giant cockroaches
  8 goblins
  10 hobgoblins
  12 jackals
  29 kobolds
  17 quokkas
  3 ball pythons
  9 bats
  4 frilled lizards
  A quokka skeleton (D:4)
  20 rats
  4 river rat simulacra (Lair:5)
947 creatures vanquished.

Vanquished Creatures (others)
  A two-headed ogre (D:10)
  2 killer bees (D:9)
  48 fungi
  102 plants
  41 withered plants
194 creatures vanquished.

Grand Total: 1141 creatures vanquished

Notes
Turn   | Place    | Note
-------+----------+-------------------------------------------
     0 | D:1      | rogsnak the Tengu Air Elementalist began the quest for the
                  | Orb.
     0 | D:1      | Reached XP level 1. HP: 10/10 MP: 4/4
   214 | D:1      | Found a faded altar of an unknown god.
   230 | D:1      | Reached XP level 2. HP: 15/15 MP: 4/6
   764 | D:1      | Reached XP level 3. HP: 19/19 MP: 4/7
  1223 | D:2      | Found Luabunwe's General Store.
  1294 | D:2      | Found Roxut's Jewellery Shop.
  1305 | D:2      | Found Xilib's Antique Armour Emporium.
  1806 | D:2      | Reached skill level 5 in Air Magic
  1964 | D:2      | Found Keuxapoj's Book Emporium.
  2000 | D:2      | Found Iwuujasu's Armour Emporium.
  2013 | D:2      | Reached XP level 4. HP: 18/24 MP: 1/8
  2424 | D:3      | Noticed a water moccasin
  2439 | D:3      | Killed a water moccasin
  2440 | D:3      | Gained mutation: Your magical nature lets you fly swiftly
                  | and evasively. [Tengu growth]
  2440 | D:3      | Reached XP level 5. HP: 10/28 MP: 8/10
  2806 | D:3      | Reached XP level 6. HP: 33/33 MP: 11/11
  3130 | D:3      | Reached skill level 5 in Conjurations
  3331 | D:3      | Found a white marble altar of Elyvilon.
  4029 | D:4      | Reached XP level 7. HP: 37/37 MP: 13/13
  4282 | D:4      | Learned a level 3 spell: Swiftness
  4418 | D:4      | Identified the +1 ring mail of Eternity {Str+4}
  4662 | D:4      | Learned a level 4 spell: Airstrike
  4987 | D:5      | Entered Level 5 of the Dungeon
  4992 | D:5      | Reached XP level 8. HP: 42/42 MP: 14/16
  5081 | D:5      | Found a staircase to the Ecumenical Temple.
  5092 | D:5      | Found Asonuej's Antique Weapon Shop.
  5111 | Temple   | Entered the Ecumenical Temple
  5371 | D:5      | Reached skill level 5 in Spellcasting
  5401 | D:5      | Noticed Edmund
  5424 | D:5      | Killed Edmund
  5704 | D:5      | Found a runed translucent door.
  5705 | D:5      | Noticed Crazy Yiuf
  5718 | D:5      | Killed Crazy Yiuf
  6752 | D:6      | Reached XP level 9. HP: 46/46 MP: 19/19
  7165 | D:6      | Found an ornate altar of the Wu Jian Council.
  7169 | D:6      | Found a sparkling altar of Nemelex Xobeh.
  7170 | D:6      | Found a stormy altar of Qazlal.
  7590 | D:6      | Reached skill level 10 in Air Magic
  7609 | D:6      | Reached skill level 1 in Fighting
  8298 | D:6      | Found an opulent altar of Gozag.
  8326 | D:6      | Found a basalt altar of Yredelemnul.
  8622 | D:2      | Bought an ancient hat for 189 gold pieces
  8622 | D:2      | Identified the +1 hat "Yczixoph" {rN+ Regen+ Slay+3} (You
                  | bought it in a shop on level 2 of the Dungeon)
  8789 | D:7      | Reached XP level 10. HP: 45/52 MP: 23/23
  8989 | D:7      | Noticed Duvessa
  8994 | D:7      | Killed Duvessa
  8995 | D:7      | Reached skill level 10 in Conjurations
  9159 | D:7      | Learned a level 3 spell: Mephitic Cloud
  9203 | D:7      | Noticed Dowan
  9437 | D:7      | Killed Dowan
  9879 | D:8      | Found a radiant altar of Vehumet.
 10137 | D:8      | Found a shimmering blue altar of Sif Muna.
 10323 | D:10     | Entered Level 10 of the Dungeon
 11401 | D:9      | Noticed a deep elf pyromancer
 11455 | D:8      | You are sucked into a shaft and drop 3 floors!
 11560 | D:10     | Noticed Urug
 11560 | D:10     | Noticed a two-headed ogre
 11566 | D:10     | Killed a two-headed ogre
 11684 | D:11     | Reached XP level 11. HP: 28/56 MP: 14/25
 11861 | D:11     | Noticed a two-headed ogre
 11867 | D:11     | Killed a two-headed ogre
 11876 | D:11     | Learned a level 5 spell: Lightning Bolt
 11879 | D:10     | Noticed Josephine
 11964 | D:11     | Noticed a cyclops
 11968 | D:11     | Killed a cyclops
 12039 | D:11     | Noticed Gastronok
 12153 | D:11     | Noticed Joseph
 12166 | D:10     | Noticed Harold
 12256 | D:9      | Killed a deep elf pyromancer
 12682 | D:8      | Reached skill level 10 in Spellcasting
 13365 | D:8      | Found a blossoming altar of Fedhas.
 14393 | D:9      | Found a glowing golden altar of the Shining One.
 14402 | D:9      | Found a sacrificial altar of Ru.
 14481 | D:8      | Became a worshipper of Sif Muna the Loreminder
 14528 | D:10     | Noticed Erica
 14536 | D:10     | Killed Erica
 14654 | D:10     | Found a staircase to the Lair.
 14727 | D:10     | Found a shadowy altar of Dithmenos.
 14748 | D:10     | Noticed a two-headed ogre
 14830 | D:10     | Noticed a two-headed ogre
 14941 | D:10     | Killed a two-headed ogre
 15105 | D:10     | Noticed a two-headed ogre
 15216 | D:10     | Killed Urug
 15310 | D:10     | Killed a two-headed ogre
 15311 | D:10     | Reached XP level 12. HP: 50/61 MP: 23/27
 15317 | D:10     | Killed Harold
 15317 | D:10     | Reached * piety under Sif Muna
 15436 | D:10     | Killed Josephine
 15437 | D:10     | Reached skill level 15 in Air Magic
 15485 | D:10     | Reached skill level 1 in Poison Magic
 15653 | D:10     | Killed a two-headed ogre
 15752 | D:10     | Learned a level 8 spell: Maxwell's Capacitive Coupling
 16020 | D:10     | Identified the +3 chain mail of Hewazuj {Int+8}
 16115 | D:10     | Found a snail-covered altar of Cheibriados.
 16345 | D:11     | Killed Joseph
 16695 | D:11     | Killed Gastronok
 16815 | D:12     | Noticed a two-headed ogre
 16828 | D:12     | Killed a two-headed ogre
 16829 | D:12     | Reached skill level 1 in Armour
 16989 | D:12     | Found a runed translucent door.
 16989 | D:12     | Noticed KennySheep's ghost (journeyman TrMo)
 17107 | D:12     | Upgraded the game from 0.28-a0-998-gb9e9c7b67e to
                  | 0.28-a0-1002-gf00fe891ef
 17148 | D:12     | Noticed a five-headed hydra
 17157 | D:12     | Killed a five-headed hydra
 17159 | D:12     | Noticed a boulder beetle
 17277 | D:12     | Identified a scroll of acquirement
 17278 | D:12     | Acquired 1101 gold pieces
 17546 | D:12     | Noticed a six-headed hydra
 17665 | D:12     | Found a staircase to the Orcish Mines.
 17684 | D:12     | Noticed a five-headed hydra
 17700 | D:12     | Killed a five-headed hydra
 17700 | D:12     | Reached ** piety under Sif Muna
 18170 | D:12     | Noticed a two-headed ogre
 18172 | D:12     | Killed a two-headed ogre
 18173 | D:12     | Reached XP level 13. HP: 66/66 MP: 28/30
 18611 | D:13     | Found a gate to the Vaults.
 18723 | D:13     | Noticed a rakshasa
 18735 | D:13     | Killed a rakshasa
 18902 | D:13     | Noticed Snorg
 19366 | D:13     | Killed Snorg
 19861 | D:13     | Noticed a rakshasa
 19909 | D:13     | Killed a rakshasa
 20408 | D:13     | Reached *** piety under Sif Muna
 20650 | D:14     | Identified the ring of Woimeeg {rC+ Will- AC+4 Str+4 Dex+5}
 21304 | D:14     | Reached skill level 15 in Conjurations
 21498 | D:14     | Identified the +0 pair of boots of Foolhardiness {Harm
                  | rPois Will- rCorr}
 21785 | D:14     | Reached XP level 14. HP: 72/72 MP: 32/32
 22049 | D:15     | Entered Level 15 of the Dungeon
 22527 | D:15     | Found an iron altar of Okawaru.
 22536 | D:15     | Reached **** piety under Sif Muna
 22656 | D:15     | Found Tuushury's Weapon Shop.
 23004 | D:15     | Noticed Rupert
 23138 | Orc:1    | Entered Level 1 of the Orcish Mines
 23146 | Orc:1    | Noticed Erolcha
 23148 | Orc:1    | Killed Erolcha
 23294 | Orc:1    | Found Laxkocaf's Antique Armour Boutique.
 23330 | Orc:1    | Bought a smouldering leather armour for 140 gold pieces
 23330 | Orc:1    | Identified the +1 leather armour of Quwk {rPois Will-
                  | Dex+4} (You bought it in a shop on level 1 of the Orcish
                  | Mines)
 23332 | Orc:1    | Bought a pair of runed gloves for 150 gold pieces
 23487 | Orc:1    | Found a runed translucent gate.
 23487 | Orc:1    | Identified the +1 great mace of Contradiction {antimagic,
                  | +Blink rElec Str+5}
 23487 | Orc:1    | Noticed RepHenryClay's ghost (journeyman DEEE)
 23488 | Orc:1    | Found a runed translucent gate.
 23488 | Orc:1    | Noticed an orc warlord
 23489 | Orc:1    | Found a runed translucent gate.
 23492 | Orc:1    | Found an iron altar of Okawaru.
 23731 | Orc:2    | Entered Level 2 of the Orcish Mines
 23735 | Orc:2    | Found a staircase to the Elven Halls.
 23745 | Orc:1    | Noticed an orc warlord
 24717 | Orc:2    | Reached ***** piety under Sif Muna
 25302 | Orc:2    | Received a gift from Sif Muna
 25303 | Orc:2    | Got Sif Muna's Theurgy, Part Five {god gift}
 25340 | Orc:2    | Learned a level 5 spell: Iskenderun's Battlesphere
 25346 | Orc:2    | Learned a level 5 spell: Freezing Cloud
 25714 | Orc:2    | Found Feleu's Antique Armour Boutique.
 25714 | Orc:2    | Found Teipemn's Weapon Emporium.
 25719 | Orc:2    | Found Saps's Book Boutique.
 25719 | Orc:2    | Found Toem's Magic Scroll Emporium.
 25994 | Orc:2    | Killed an orc warlord
 27349 | Lair:1   | Entered Level 1 of the Lair of Beasts
 27454 | Lair:1   | Got the Handbook of Moulding
 27470 | Lair:1   | Found a transporter.
 27471 | Lair:1   | Found a transporter.
 27963 | Lair:1   | Identified the +0 ring mail "Geprerai" {rF+ Dex+5}
 28839 | Lair:2   | Reached XP level 15. HP: 76/76 MP: 23/34
 28854 | Lair:2   | Received a gift from Sif Muna
 28855 | Lair:2   | Got Sif Muna's Papyrus of Flight and Cold {god gift}
 29506 | Lair:3   | Found a staircase to the Snake Pit.
 30198 | Lair:3   | Found a staircase to the Shoals.
 31413 | Lair:4   | Reached skill level 15 in Spellcasting
 32254 | Lair:5   | Found a frozen archway.
 32340 | Lair:5   | Upgraded the game from 0.28-a0-1002-gf00fe891ef to
                  | 0.28-a0-1033-g1a2f33fa85
 32347 | IceCv    | Entered an ice cave
 32471 | IceCv    | Identified the +8 war axe "Ekiffib" {elec, *Slow rF+ Will+}
 32772 | IceCv    | Upgraded the game from 0.28-a0-1033-g1a2f33fa85 to
                  | 0.28-a0-1038-g9c4cb8273d
 32896 | IceCv    | Identified the ring "Osuneh" {Ice rElec}
 33079 | IceCv    | Received a gift from Sif Muna
 33082 | IceCv    | Got Sif Muna's Grimoire of Igneous Dislocation {god gift}
 33236 | Lair:5   | Found a staircase to the Slime Pits.
 33826 | Lair:6   | Entered Level 6 of the Lair of Beasts
 34087 | Lair:6   | Reached XP level 16. HP: 81/81 MP: 12/36
 35093 | Lair:6   | Identified the +5 dagger of the Three Knives {chaos, rF-
                  | Str+8 Int+3}
 35281 | Snake:1  | Entered Level 1 of the Snake Pit
 35633 | Snake:1  | Received a gift from Sif Muna
 36732 | Snake:2  | Upgraded the game from 0.28-a0-1038-g9c4cb8273d to
                  | 0.28-a0-1087-gf3fc490d9d
 37241 | Snake:3  | Noticed Mara
 37326 | Snake:3  | Noticed rogsnak's illusion
 37401 | Snake:2  | Killed Mara
 37687 | Snake:3  | Noticed a nagaraja
 37689 | Snake:3  | Killed a nagaraja
 37908 | Snake:3  | Reached skill level 1 in Shields
 37949 | Snake:3  | Reached XP level 17. HP: 86/86 MP: 38/38
 38470 | Snake:4  | Entered Level 4 of the Snake Pit
 38633 | Snake:4  | Reached skill level 1 in Evocations
 38736 | Snake:4  | Received a gift from Sif Muna
 38737 | Snake:4  | Got Sif Muna's Reference Book on Unstable Confrontation
                  | {god gift}
 38841 | Snake:4  | Reached skill level 5 in Dodging
 39374 | Snake:4  | Slain by a salamander tyrant

Illustrated notes

Levels and vault maps discovered:
D:1:      matt_arrival_spirals, layout_loops_ring, ebering_ecumenical_altar_webs
D:2:      layout_loops_ring, serial_shops, nicolae_shop_waterfront,
          nicolae_lakefront_shop, nicolae_shop_waterfront, shop,
          nicolae_shop_stone
D:3:      layout_loops_corners, mainiacjoe_overflow_chevrons
D:4:      layout_cave_pools
D:5:      layout_rooms, minmay_temple_entry_slanted, nicolae_take_the_stairs,
          minmay_misc_feat_five, chequers_serial_rivers_micro_c,
          mrwooster_statue_mirror, uniq_edmund, uniq_crazy_yiuf_cottage
D:6:      lemuel_ratsnest, layout_rooms, minitemple,
          mainiacjoe_overflow_two_lobes, roderic_lattice_a, grunt_ministairs_2,
          chequers_serial_rivers_room_b
D:7:      layout_rooms, uniq_duvessa
D:8:      layout_gridville, mainiacjoe_overflow_24_doors,
          mainiacjoe_overflow_boulevard, overflow_temple_1_default,
          serial_bayou, serial_bayou_pond_b, serial_bayou_ford_a,
          serial_bayou_lake_a, serial_bayou_shore_b, serial_bayou_pond_c,
          serial_bayou_shore_a
D:9:      layout_cross, mainiacjoe_overflow_swirl, serial_gnoll_camp,
          gnoll_camp_huts_moat, gnoll_camp_mini_house, gnoll_camp_mini_doghouse,
          gnoll_camp_medium_02, gnoll_camp_mini_hut, minivault_10
D:10:     layout_cave_pools, nicolae_dithmenos_shadow_blocks,
          chei_slow_surprise, lair_entry_dummy,
          minmay_fractal_squares_diagonal_5, uniq_harold, uniq_erica,
          uniq_josephine, uniq_urug
D:11:     layout_roguey, minmay_sticks_and_stones, uniq_gastronok
D:12:     layout_irregular_city, minmay_orc_entry_temple_small,
          hellmonk_ghost_happy_afterlife
D:13:     layout_loops_ring, erik_vaults_1, columned_hall_lemuel,
          minmay_liquid_box, grunt_ministairs_12, uniq_snorg
D:14:     layout_loops_ring, minmay_staircase_statues
D:15:     gammafunk_depths_entry_grave, layout_small_grid, serial_shops,
          nicolae_shop_stone, serial_bayou_pond_c, okawaru_metal_pillars_3,
          uniq_rupert
Temple:   compressed_dpeg_triangle_lava_temple
Lair:1:   gammafunk_boulding_lane, layout_cave_pods
Lair:2:   layout_misc_corridors, lemuel_fruit_tree
Lair:3:   layout_loops_ring, minmay_shoals_entry_hut,
          guppyfry_snake_entry_island
Lair:4:   layout_regular_city
Lair:5:   layout_misc_corridors, slime_dummy, portal_ice_cave_entry_imps,
          grunt_forest_small_clearings, eino_house_with_fridge
Lair:6:   due_jungle_book, layout_loops_ring
Snake:1:  layout_basic
Snake:2:  layout_basic
Snake:3:  layout_rooms, special_room, nicolae_snake_gridmaze_spiral,
          nicolae_snake_double_loop, nicolae_coiled_stairwell_up, uniq_mara
Snake:4:  grunt_snake_rune_serpentine_throne, layout_onion, grunt_megastairs_2
Orc:1:    nicolae_orc_accident_3, layout_caves, gammafunk_ghost_fury_of_okawaru,
          serial_shops, shop, uniq_erolcha
Orc:2:    grunt_orc_tribal_feast, layout_diamond_mine, basic_altar

Skill      XL: |  1  2  3  4  5  6  7  8  9 10 11 12 13 14 15 16 17 |
---------------+----------------------------------------------------+-----
Conjurations   | 2 4 5 7 8 9 11 12 13 15 17 18 20 22 | 22.1
Air Magic      | 5 6 7 9 11 12 14 16 17 19 20 21 22 | 22.0
Spellcasting   | 3 4 6 8 9 10 12 13 14 15 16 17 | 17.0
Dodging        | 3 4 5 |  5.0
Fighting       | 1 2 |  2.9
Poison Magic   | 2 |  2.5
Armour         | 1 2 3 4 |  4.5
Shields        | 1 |  1.6
Evocations     | 1 |  1.0
Stealth        | |  2.0

Action                   |  1- 3 |  4- 6 |  7- 9 | 10-12 | 13-15 | 16-18 || total
-------------------------+-------+-------+-------+-------+-------+-------++-------
Melee: Dagger            |     1 |       |       |       |       |       ||     1
       Staff             |     4 |       |       |    26 |    50 |     9 ||    89
       Kick              |     1 |       |     5 |    29 |    13 |     2 ||    50
       Peck              |     1 |       |     4 |    14 |     4 |     3 ||    26
       Short sword       |       |       |     9 |       |       |       ||     9
       Flail             |       |       |    15 |    84 |       |       ||    99
 Cast: Shock             |    72 |    90 |   153 |   121 |   305 |   152 ||   893
       Airstrike         |       |       |    53 |   274 |   153 |    11 ||   491
       Swiftness         |       |       |     1 |       |       |       ||     1
       Mephitic Cloud    |       |       |       |    29 |    65 |     6 ||   100
       Lightning Bolt    |       |       |       |     7 |   203 |   190 ||   400
       Maxwell's Capacit |       |       |       |     2 |     6 |     8 ||    16
       Iskenderun's Batt |       |       |       |       |    56 |    60 ||   116
       Freezing Cloud    |       |       |       |       |     4 |    20 ||    24
Evoke: Wand              |       |       |       |     4 |     2 |     2 ||     8
       Phial of floods   |       |       |       |       |       |     1 ||     1
       Condenser vane    |       |       |       |       |       |     1 ||     1
  Use: Potion            |       |       |     1 |       |     3 |       ||     4
       Scroll            |       |       |       |    11 |    14 |     7 ||    32
 Stab: Confused          |       |       |       |     6 |     5 |       ||    11
Armor: Robe              |     5 |     1 |     8 |    54 |       |       ||    68
       Ring mail         |       |       |       |     9 |       |       ||     9
       Troll leather arm |       |       |       |       |    50 |    29 ||    79
Dodge: Dodged            |     7 |    13 |    44 |   235 |   160 |    72 ||   531
Block: Buckler           |       |       |       |       |       |    27 ||    27

Table legend: (Time is in decaauts)
 A = Elapsed time spent in this place.
 B = Non-inter-level travel time spent in this place.
 C = Inter-level travel time spent in this place.
 D = Time resting spent in this place.
 E = Time spent auto-exploring this place.
 F = Levels seen in this place.
 G = Mean time per level.
                   A        B        C        D        E       F      G
               +--------+--------+--------+--------+--------+-----+--------+
         Total |  37637 |  36430 |   1207 |  12283 |  15145 |  29 | 1297.8 |
       Dungeon |  22315 |  21517 |    798 |   8059 |   8560 |  15 | 1487.7 |
        Temple |     59 |     59 |      0 |      0 |      0 |   1 |   59.0 |
          Lair |   6742 |   6523 |    219 |   1357 |   3802 |   6 | 1123.7 |
     Snake Pit |   3802 |   3741 |     61 |    915 |   1744 |   4 |  950.5 |
  Orcish Mines |   3963 |   3835 |    128 |   1853 |    939 |   2 | 1981.5 |
      Ice Cave |    754 |    754 |      0 |     99 |     98 |   1 |  754.0 |
               +--------+--------+--------+--------+--------+-----+--------+

Top non-repeatable levels by time:
     D:9: 2713 daAuts
   Orc:2: 2438 daAuts
    D:12: 1977 daAuts
    D:13: 1937 daAuts
     D:5: 1798 daAuts
     D:8: 1773 daAuts
    D:14: 1661 daAuts
     D:3: 1572 daAuts
     D:6: 1563 daAuts
   Orc:1: 1525 daAuts
  Lair:3: 1519 daAuts
 Snake:3: 1345 daAuts
  Lair:6: 1295 daAuts
     D:2: 1242 daAuts
     D:1: 1222 daAuts
